[Event "*** SCC Grand Prix: Titled Tuesday Blitz"]
[Site "Chess.com"]
[Date "2020.07.21"]
[Round "1"]
[White "Fischerev7"]
[Black "Iball95"]
[Result "0-1"]
[WhiteElo "2345"]
[BlackElo "2697"]
[TimeControl "180+1"]
[EndTime "10:05:39 PDT"]
[Termination "Iball95 won by resignation"]

1. e4 c5 2. Nf3 Nc6 3. d4 cxd4 4.
Nxd4 g6 5. c4 Nf6 6. Nc3 d6 7. Be2 Nxd4 8. Qxd4 Bg7 9. Be3 O-O 10.
Qd2 Be6 11. O-O Qa5 12. Bh6 Rfc8 13. Bxg7 Kxg7 14. b3 b5 15. Qd4 bxc4 16. bxc4 Qc5 17. Qxc5 Rxc5 18. Nd5 Nxe4 19. Nxe7 Bxc4 20. Bxc4 Rxc4 21.
f3 Nf6 22. Rfd1 Re8 23. Nd5 Nxd5 24. Rxd5 Re2 25. Rad1 Rcc2 26. Rg5 Rxa2 27. h4 h6 28. Rg4 f5 29. Rg3 Red2 30. Rb1 Kf6 31. Rb8 a5 32.
Rf8+ Kg7 33. Rxf5 Rxg2+ 0-1

[Event "*** SCC Grand Prix: Titled Tuesday Blitz"]
[Site "Chess.com"]
[Date "2020.07.21"]
[Round "1"]
[White "Paladin61"]
[Black "checkmatequen"]
[Result "1-0"]
[WhiteElo "2620"]
[BlackElo "2280"]
[TimeControl "180+1"]
[EndTime "10:05:39 PDT"]
[Termination "Paladin61 won by resignation"]

1. b3 c5 2. Bb2 Nc6 3. e3 Nf6 4. Nf3 e6 5. c4 Be7 6. d4 cxd4 7. exd4 d5 8. Nbd2 O-O 9. Bd3 b6 10. O-O Ba6 11. Rc1 Na5 12. Qe2 Rc8 13. Rfd1 Qd7 14. Ne5 Qd8 15. Ndf3 Nc6 16. Bb1 Bd6 17. Qe3 dxc4 18.
bxc4 Qe7 19. h3 Bxe5 20. dxe5 Ne8 21. Ba3 Qc7 22. Bxf8 Kxf8 23. Qa3+ 1-0

[Event "*** SCC Grand Prix: Titled Tuesday Blitz"]
[Site "Chess.com"]
[Date "2020.07.21"]
[Round "1"]
[White "pfalcon1949"]
[Black "Paul66666"]
[Result "0-1"]
[WhiteElo "2002"]
[BlackElo "2486"]
[TimeControl "180+1"]
[EndTime "10:05:39 PDT"]
[Termination "Paul66666 won by resignation"]

1. d4 d5 2. c4 c6 3. cxd5 cxd5 4. Nc3 Nf6 5. Bf4 Nc6 6. e3 a6 7. Be2 e6 8. Rc1 Nd7 9. Nf3 Be7 10. O-O O-O 11. Bd3 h6 12. Bb1 f5 13. Ne5 Ndxe5 14. Bxe5 Nxe5 15. dxe5 Bd7 16. f4 Qb6 17. Qd2 Bc5 18. Rf3 Rac8 19. Kh1 Rfd8 20. Re1 Be8 21.
Rg3 d4 22. exd4 Bxd4 23. Qe2 Bf2 24. Rf1 Bxg3 25. hxg3 Bb5 26. Nxb5 Qxb5 27. Qf2 Rd2 28. Qf3 Qe2 29. Qxe2 Rxe2 30. Bd3 0-1

[Event "*** SCC Grand Prix: Titled Tuesday Blitz"]
[Site "Chess.com"]
[Date "2020.07.21"]
[Round "1"]
[White "MergenKakabaev"]
[Black "QueenOfTactics90"]
[Result "1-0"]
[WhiteElo "2486"]
[BlackElo "2004"]
[TimeControl "180+1"]
[EndTime "10:05:40 PDT"]
[Termination "MergenKakabaev won by resignation"]

1. e4 c5 2. Nf3 Nc6 3. Bb5 g6 4. Bxc6 dxc6 5. h3 Bg7 6. d3 e5 7.
Nc3 Qc7 8. Be3 b6 9. Qd2 h5 10. a3 Nf6 11. b4 cxb4 12. axb4 Be6 13. O-O O-O 14. Ng5 Rad8 15. Nxe6 fxe6 16. Ra6 Nd7 17.
Rfa1 Ra8 18. Qc1 Nb8 19. R6a3 a5 20. bxa5 bxa5 21. Qb2 Rd8 22. Qa2 Bf8 23. Qxe6+ Kg7 24. Rb3 Na6 25. Bb6 Qd6 26. Qxd6 Rxd6 27. Rxa5 Nc5 28. Rxc5 1-0

[Event "*** SCC Grand Prix: Titled Tuesday Blitz"]
[Site "Chess.com"]
[Date "2020.07.21"]
[Round "1"]
[White "CaspiIsrael"]
[Black "VALPARAISO37"]
[Result "1-0"]
[WhiteElo "2619"]
[BlackElo "2277"]
[TimeControl "180+1"]
[EndTime "10:05:41 PDT"]
[Termination "CaspiIsrael won by resignation"]

1. e4 e5 2. Nf3 Nc6 3. Bb5 a6 4. Ba4 Nf6 5. O-O Bc5 6. c3 b5 7.
Bb3 d6 8. a4 Bb7 9. d3 O-O 10.
Bg5 Re8 11. Nbd2 Bb6 12. Re1 h6 13. Bh4 g5 14. Nxg5 hxg5 15. Bxg5 Kg7 16. Qf3 Rh8 17. Nf1 Nb8 18. Ng3 Nbd7 19. h4 Kg6 20. Nf5 Rh5 21.
Qg3 Qf8 22. Bh6+ Kh7 23. Bxf8 Ne8 24. Bxf7 Bxf2+ 25. Kxf2 Rxf5+ 26. exf5 Nxf8 27. Qg8+ Kh6 28. Qxf8+ Ng7 29. Qe7 Nxf5 30. Qg5+ Kh7 31. Qxf5+ Kg7 32. Qg6+ Kf8 33. Be6 1-0

[Event "*** SCC Grand Prix: Titled Tuesday Blitz"]
[Site "Chess.com"]
[Date "2020.07.21"]
[Round "1"]
[White "Kildepiotr"]
[Black "queen_iryna"]
[Result "1-0"]
[WhiteElo "2611"]
[BlackElo "2272"]
[TimeControl "180+1"]
[EndTime "10:05:41 PDT"]
[Termination "Kildepiotr won by resignation"]

1. Nf3 d5 2. g3 Nf6 3. Bg2 c6 4.
O-O Bg4 5. d3 Nbd7 6. Nbd2 e5 7.
e4 dxe4 8. dxe4 Bc5 9. h3 Bh5 10. Qe1 O-O 11. Nb3 Bb6 12. a4 Bxf3 13. Bxf3 Nc5 14. Nd2 Ne6 15. Nc4 Bc7 16. c3 Nd7 17. a5 Qf6 18. Bg2 b5 19. Ne3 Ndc5 20. b4 Nb3 21. Rb1 Nxc1 22. Rxc1 Ng5 23. Qe2 Rad8 24. Rfd1 g6 25. h4 Ne6 26. Bh3 Ng7 27. Rxd8 Rxd8 28. Rd1 Ne8 29. Bd7 Ng7 30. Ng4 Qe7 31. Bxc6 Rxd1+ 32. Qxd1 Qe6 33. Bxb5 h5 34. Ne3 f5 35. Bc4 1-0

[Event "*** SCC Grand Prix: Titled Tuesday Blitz"]
[Site "Chess.com"]
[Date "2020.07.21"]
[Round "1"]
[White "Iljushin_Alexey"]
[Black "cancrushyou"]
[Result "1-0"]
[WhiteElo "2712"]
[BlackElo "2354"]
[TimeControl "180+1"]
[EndTime "10:05:42 PDT"]
[Termination "Iljushin_Alexey won by resignation"]

1. d4 Nf6 2. c4 e6 3. g3 d5 4. Nf3 Be7 5. Bg2 O-O 6. O-O dxc4 7. Qc2 c6 8. Qxc4 b5 9. Qc2 Bb7 10. Bg5 Nbd7 11. Nc3 Qb6 12. Ne5 Rfd8 13. Rad1 Rac8 14. Ne4 Nxe5 15. dxe5 Nxe4 16. Bxe7 Rxd1 17. Qxd1 c5 18. Qd7 c4 19. e3 Qc7 20. Qxc7 Rxc7 21. Rd1 h6 22. Rd8+ Kh7 23. Bd6 Nxd6 24. exd6 c3 25. dxc7 cxb2 26. Bxb7 b1=Q+ 27. Kg2 1-0

[Event "*** SCC Grand Prix: Titled Tuesday Blitz"]
[Site "Chess.com"]
[Date "2020.07.21"]
[Round "1"]
[White "XiaoKangZhong"]
[Black "Rish_97"]
[Result "0-1"]
[WhiteElo "2354"]
[BlackElo "2714"]
[TimeControl "180+1"]
[EndTime "10:05:43 PDT"]
[Termination "Rish_97 won by resignation"]

1. e4 e5 2. Nf3 Nc6 3. Bc4 Nf6 4. d3 h6 5. c3 d6 6. Nbd2 g6 7. Nf1 Bg7 8. Ne3 O-O 9. O-O Na5 10. Bb5 a6 11. Ba4 b5 12. Bc2 c5 13. d4 cxd4 14. cxd4 exd4 15. Nxd4 Bb7 16. f3 Re8 17. Rb1 d5 18. exd5 Nxd5 19. Nxd5 Qxd5 20. Nb3 Nc4 21. Qxd5 Bxd5 22. Rd1 Rad8 23. Kf2 a5 24. Bd3 a4 25.
Bxc4 Bxc4 26. Rxd8 Rxd8 27. Nd2 Bd3 28. Ra1 a3 29.
Rb1 Bxb1 30. Nxb1 Rd1 0-1

[Event "*** SCC Grand Prix: Titled Tuesday Blitz"]
[Site "Chess.com"]
[Date "2020.07.21"]
[Round "1"]
[White "OrtizAnahi2001"]
[Black "Ginger_GM"]
[Result "1-0"]
[WhiteElo "2275"]
[BlackElo "2582"]
[TimeControl "180+1"]
[EndTime "10:05:44 PDT"]
[Termination "OrtizAnahi2001 won by resignation"]

1. d4 e6 2. c4 f5 3. g3 Nf6 4. Nc3 Be7 5. Bg2 O-O 6. Nf3 d6 7. b3 Ne4 8. Bb2 Bf6 9. O-O Nxc3 10. Bxc3 Nc6 11. Rc1 e5 12. dxe5 dxe5 13. Qc2 Qe8 14.
Rfd1 a5 15. a3 Be6 16. Qb2 Bf7 17. Nh4 Bxh4 18. gxh4 Ra6 19. b4 axb4 20. axb4 Bxc4 21. b5 Ra2 22. Qb1 Nd8 23. Bb4 Be6 24. Bxf8 Qxf8 25. Bd5 Bxd5 26. Rxd5 Ra4 27. Qb3 Rg4+ 28. Kh1 Kh8 29.
Rxe5 h6 30. Qf3 g6 31. Rd1 Nf7 32. Red5 Nd6 33. b6 Nf7 34. bxc7 1-0

[Event "*** SCC Grand Prix: Titled Tuesday Blitz"]
[Site "Chess.com"]
[Date "2020.07.21"]
[Round "1"]
[White "BakaPG"]
[Black "Pintacara"]
[Result "1-0"]
[WhiteElo "2646"]
[BlackElo "2318"]
[TimeControl "180+1"]
[EndTime "10:05:45 PDT"]
[Termination "BakaPG won by resignation"]

1. e4 c5 2. Nf3 e6 3. c3 Nf6 4.
e5 Nd5 5. d4 cxd4 6. cxd4 Nc6 7. Nc3 d6 8. exd6 Bxd6 9. Bd3 O-O 10. O-O Nxc3 11. bxc3 e5 12. dxe5 Nxe5 13. Nxe5 Bxe5 14. Bxh7+ Kxh7 15. Qh5+ Kg8 16. Qxe5 Be6 17. Qg3 Rc8 18. Bf4 f6 19. Rfe1 Bc4 20. Rad1 Qa5 21. h4 Rf7 22. Rd4 Bxa2 23. Bd2 Bc4 24. Qg4 Qc7 25. h5 b5 26.
h6 Rd8 27. Qg6 Rxd4 28. Re8+ Rf8 29. h7+ 1-0

[Event "*** SCC Grand Prix: Titled Tuesday Blitz"]
[Site "Chess.com"]
[Date "2020.07.21"]
[Round "1"]
[White "Chuchofrio1"]
[Black "bgfbfbgfbgfgf"]
[Result "0-1"]
[WhiteElo "2300"]
[BlackElo "2639"]
[TimeControl "180+1"]
[EndTime "10:05:48 PDT"]
[Termination "bgfbfbgfbgfgf won by resignation"]

1. d4 Nf6 2. c4 c5 3. d5 g6 4. Nc3 Bg7 5. e4 d6 6. f4 e6 7. dxe6 Bxe6 8. Nf3 O-O 9. Bd3 a6 10. f5 Bd7 11. O-O Nc6 12. Qe1 Ng4 13. Nd5 Nce5 14. Nxe5 Bxe5 15. h3 Nh2 16. Rf4 Bc6 17. Kxh2 Bxd5 18.
exd5 g5 19. Qe4 Qf6 20. g3 gxf4 21. Bxf4 Rae8 22. Qf3 Bxf4 23. Qg4+ Kh8 24. Rf1 Bh6 25. Qh5 Qxb2+ 26. Kh1 Qf6 27. g4 Re3 28. Bb1 Rfe8 29.
h4 Rh3+ 30. Kg2 Rxh4 31. g5 Bxg5 32. Qf3 Bf4 33. Be4 Rh2+ 34. Kg1 Qg5+ 0-1

[Event "*** SCC Grand Prix: Titled Tuesday Blitz"]
[Site "Chess.com"]
[Date "2020.07.21"]
[Round "1"]
[White "mjray79"]
[Black "seorobert1971"]
[Result "0-1"]
[WhiteElo "2349"]
[BlackElo "2704"]
[TimeControl "180+1"]
[EndTime "10:05:49 PDT"]
[Termination "seorobert1971 won by resignation"]

1. d4 Nf6 2. c4 g6 3. Nc3 d5 4.
cxd5 Nxd5 5. e4 Nxc3 6. bxc3 c5 7. Bc4 Bg7 8. Be3 Nc6 9. Ne2 O-O 10. O-O Qc7 11.
Rc1 Rd8 12. Qb3 Na5 13. Qa4 Nxc4 14. Qxc4 Bd7 15. f4 Rac8 16. d5 Qa5 17. e5 Bb5 18. Qe4 Bxe2 19. Rf2 Ba6 20. f5 Qb5 21. c4 Qd7 22. e6 fxe6 23. fxg6 exd5 24. gxh7+ Kh8 25. Qg6 Qd6 26. Qh5 Rf8 27. cxd5 b6 28. Rd2 Qe5 29. Qh3 Qf5 30. Qg3 Rcd8 31. d6 exd6 32. Rxd6 Qe5 33. Rxd8 Rxd8 34. Qf2 Qxe3 35. Qxe3 Bd4 36. Re1 Bxe3+ 37.
Rxe3 Rd7 0-1

[Event "*** SCC Grand Prix: Titled Tuesday Blitz"]
[Site "Chess.com"]
[Date "2020.07.21"]
[Round "1"]
[White "nocnypako"]
[Black "2008king"]
[Result "1-0"]
[WhiteElo "2593"]
[BlackElo "2242"]
[TimeControl "180+1"]
[EndTime "10:05:51 PDT"]
[Termination "nocnypako won by resignation"]

1. d4 d5 2. c4 c6 3. Nc3 Nf6 4. Nf3 e6 5. Bg5 h6 6. Bh4 dxc4 7. e4 g5 8. Bg3 b5 9. Be2 Bb7 10. Qc2 Nbd7 11. O-O-O Bg7 12. h4 g4 13. Ne5 h5 14.
Nxd7 Qxd7 15. e5 Nd5 16. Ne4 O-O 17. Ng5 f5 18. exf6 Nxf6 19. f3 Bh6 20. Kb1 c5 21.
dxc5 Qg7 22. Nxe6 Qh7 23. Qxh7+ Kxh7 24. Nxf8+ Rxf8 25. fxg4 Bxg2 26. Rhg1 Be4+ 27. Ka1 Nxg4 28. Bd6 Rf2 29. Bxg4 hxg4 30. Rxg4 Bf3 31. Rgg1 Bxd1 32. Rxd1 Bg7 33. Rg1 Bxb2+ 34. Kb1 Bf6 35. c6 Bd4 36. c7 Rf8 37. Bxf8 Bxg1 1-0

[Event "*** SCC Grand Prix: Titled Tuesday Blitz"]
[Site "Chess.com"]
[Date "2020.07.21"]
[Round "1"]
[White "Vladislav_Chizhikov"]
[Black "Micki-taryan"]
[Result "0-1"]
[WhiteElo "2457"]
[BlackElo "3039"]
[TimeControl "180+1"]
[EndTime "10:05:54 PDT"]
[Termination "Micki-taryan won by checkmate"]

1. e4 c5 2. Nf3 Nc6 3. b3 d6 4. Bb2 e5 5. Bb5 Bd7 6. d3 Nf6 7. Nbd2 Be7 8. h3 O-O 9. Qe2 a6 10. Bxc6 Bxc6 11. Nf1 Re8 12. g4 Bf8 13. Ng3 b5 14. g5 Nd7 15. h4 d5 16. Nh2 c4 17.
Ng4 cxd3 18. cxd3 Nc5 19. Rd1 b4 20. Qf3 d4 21. Nh5 Re6 22. Rh3 a5 23. Rg3 Rg6 24. Rc1 Bb5 25. Nxe5 Qe8 26. Bxd4 Rc8 27. Rxc5 Bxc5 28. Bxc5 Rxc5 29. Nxg6 hxg6 30. Nf4 Rc1+ 31.
Kd2 Qc8 32. Nd5 Qc5 33. Qf4 Qc2+ 34. Ke3 Qxd3# 0-1

[Event "*** SCC Grand Prix: Titled Tuesday Blitz"]
[Site "Chess.com"]
[Date "2020.07.21"]
[Round "1"]
[White "baki83"]
[Black "Rap_woyska"]
[Result "1-0"]
[WhiteElo "2733"]
[BlackElo "2371"]
[TimeControl "180+1"]
[EndTime "10:05:56 PDT"]
[Termination "baki83 won by resignation"]

1. d4 d5 2. Nf3 Nf6 3. e3 c5 4. Be2 Nc6 5. O-O Bf5 6. b3 cxd4 7. exd4 e6 8. c4 Be7 9. Nc3 h6 10. Bb2 O-O 11. Rc1 dxc4 12. bxc4 b6 13. Re1 Rc8 14. h3 Na5 15. Ne5 Nd7 16. Nxd7 Qxd7 17. Nb5 Bf6 18. Ba3 Be7 19. Bb2 Bf6 20.
Ba3 Be7 21. Bxe7 Qxe7 22. Qa4 Qd7 23. Qa3 Rfd8 24. c5 Nc6 25. Red1 Ne7 26. Nd6 Rc7 27.
Bb5 Nc6 28. Nxf5 exf5 29. d5 bxc5 30. Bxc6 1-0

[Event "*** SCC Grand Prix: Titled Tuesday Blitz"]
[Site "Chess.com"]
[Date "2020.07.21"]
[Round "1"]
[White "Gabix_94"]
[Black "SaqoChess_Twitch"]
[Result "1-0"]
[WhiteElo "2880"]
[BlackElo "2432"]
[TimeControl "180+1"]
[EndTime "10:05:57 PDT"]
[Termination "Gabix_94 won by checkmate"]

1. c4 e6 2. Nc3 d5 3. d4 Nf6 4. Nf3 Be7 5. Bf4 c5 6. cxd5 Nxd5 7.
Nxd5 Qxd5 8. e3 cxd4 9. Bd3 dxe3 10. Bxe3 O-O 11. Qe2 Bb4+ 12. Kf1 Nc6 13. Rd1 Qa5 14. a3 Be7 15. h4 Rd8 16. Ng5 g6 17. b4 Qe5 18.
Rh3 Nd4 19. Bxd4 Qxd4 20. Nxf7 Kxf7 21. Bxg6+ hxg6 22. Rxd4 Rxd4 23. Rf3+ Ke8 24. Qe5 Rd1+ 25. Ke2 Rd5 26. Qg7 b6 27. Rf7 Ba6+ 28. Ke3 Rd3+ 29.
Kf4 Bd6+ 30. Kg5 Rd5+ 31. Kxg6 Bd3+ 32. Kh6 Rf5 33. Qg8+ Bf8+ 34. Qxf8# 1-0

[Event "*** SCC Grand Prix: Titled Tuesday Blitz"]
[Site "Chess.com"]
[Date "2020.07.21"]
[Round "1"]
[White "GasconJR"]
[Black "Jospem"]
[Result "0-1"]
[WhiteElo "2416"]
[BlackElo "2832"]
[TimeControl "180+1"]
[EndTime "10:05:57 PDT"]
[Termination "Jospem won by resignation"]

1. d4 Nf6 2. c4 e6 3. Nf3 Bb4+ 4. Bd2 c5 5. Bxb4 cxb4 6. g3 b6 7. Bg2 Bb7 8. O-O O-O 9. Nbd2 a5 10. Re1 d6 11. e4 Qc7 12. Rc1 e5 13. Qc2 Nbd7 14.
Bh3 Rfe8 15. Bxd7 Nxd7 16. d5 Nc5 17. Nb3 Na6 18. Nbd2 Rf8 19. h4 Bc8 20. Qd3 f5 21.
Ng5 Nc5 22. Qe2 h6 23. Ne6 Nxe6 24. dxe6 Bxe6 25. exf5 Rxf5 26. Ne4 Rd8 27. Red1 Rf7 28. b3 Bf5 29. Nd2 Rdf8 30. Nf1 Bh3 31. Ne3 Rxf2 32. Qxf2 Rxf2 33. Kxf2 Qf7+ 34. Ke2 Qg6 35. Rd2 Qxg3 36. Rxd6 e4 37. Re1 Qxd6 0-1

[Event "*** SCC Grand Prix: Titled Tuesday Blitz"]
[Site "Chess.com"]
[Date "2020.07.21"]
[Round "1"]
[White "Sam_ChessMood"]
[Black "capatl"]
[Result "1-0"]
[WhiteElo "2814"]
[BlackElo "2408"]
[TimeControl "180+1"]
[EndTime "10:05:58 PDT"]
[Termination "Sam_ChessMood won by resignation"]

1. e4 c5 2. Nc3 e6 3. Nf3 a6 4. d4 cxd4 5. Nxd4 Qc7 6. Bd3 Nf6 7. Qe2 d6 8. f4 Nbd7 9. g4 Nc5 10. g5 Nfd7 11. Bd2 b5 12. a3 Bb7 13. O-O-O Rc8 14.
Kb1 Nxd3 15. cxd3 e5 16. Nf5 g6 17. Ne3 exf4 18. Ned5 Bxd5 19. exd5+ Be7 20. Bxf4 Ne5 21.
d4 Nc4 22. Rhe1 Kf8 23. h4 Bd8 24. Rd3 Kg7 25. h5 gxh5 26. Qxh5 Rf8 27. Rh3 Rh8 28. Qh6+ 1-0

[Event "*** SCC Grand Prix: Titled Tuesday Blitz"]
[Site "Chess.com"]
[Date "2020.07.21"]
[Round "1"]
[White "denispopov"]
[Black "Crazy_girl99"]
[Result "0-1"]
[WhiteElo "1790"]
[BlackElo "2474"]
[TimeControl "180+1"]
[EndTime "10:05:58 PDT"]
[Termination "Crazy_girl99 won on time"]

1. e4 e5 2. Nf3 Nc6 3. Bb5 a6 4.
Ba4 Nf6 5. Bxc6 dxc6 6. d3 Bd6 7. Nbd2 c5 8. Qe2 Be6 9. h3 Nd7 10. Nf1 f6 11. Ne3 O-O 12. O-O Re8 13. Kh2 Nf8 14.
g3 Ng6 15. Nd2 Qd7 16. h4 b5 17. Rg1 c6 18. b3 a5 19. a4 Rf8 20. Bb2 Ne7 21. Nf3 Qc7 22. Rae1 Rae8 23. Nd2 Qc8 24. Nf3 Bd7 25. Bc3 Qc7 26. Bb2 Bc8 27. Nd2 f5 28.
exf5 Nxf5 29. Ne4 Nd4 30. Bxd4 exd4 31. Ng2 Qd7 0-1

[Event "*** SCC Grand Prix: Titled Tuesday Blitz"]
[Site "Chess.com"]
[Date "2020.07.21"]
[Round "1"]
[White "gena217"]
[Black "vanyakuba"]
[Result "1-0"]
[WhiteElo "2908"]
[BlackElo "2444"]
[TimeControl "180+1"]
[EndTime "10:05:59 PDT"]
[Termination "gena217 won by resignation"]

1. e4 d5 2. exd5 Qxd5 3. Nc3 Qa5 4. d4 Nf6 5. Nf3 Bg4 6. h3 Bh5 7. g4 Bg6 8. Ne5 e6 9. Bg2 c6 10. O-O Nbd7 11. f4 O-O-O 12. Qe2 Bb4 13. Bd2 Qb6 14.
Be3 Qa5 15. Nc4 Qa6 16. a3 Be7 17. Rf2 Rhe8 18. Bf1 h6 19. Qe1 b5 20. Ne5 Nxe5 21.
dxe5 Nd5 22. Nxd5 Rxd5 23. a4 Bc5 24. Bxc5 Qb6 25. Bxb6 1-0

[Event "*** SCC Grand Prix: Titled Tuesday Blitz"]
[Site "Chess.com"]
[Date "2020.07.21"]
[Round "1"]
[White "GracefulYear"]
[Black "ShimanovAlex"]
[Result "0-1"]
[WhiteElo "2406"]
[BlackElo "2809"]
[TimeControl "180+1"]
[EndTime "10:05:59 PDT"]
[Termination "ShimanovAlex won by checkmate"]

1. d4 Nf6 2. Nf3 g6 3. c4 Bg7 4. g3 O-O 5. Bg2 d6 6. O-O Ne4 7. Nc3 Nxc3 8. bxc3 e5 9. Bb2 Nc6 10. Qc2 Qe7 11. e4 Bg4 12. Rad1 b6 13.
Ba3 exd4 14. cxd4 Bxf3 15. Bxf3 Nxd4 16. Qd3 Nxf3+ 17. Qxf3 Rfe8 18. Rfe1 Qe6 19. Qe2 h5 20. Rc1 Qg4 21. Qxg4 hxg4 22. Rc2 Re6 23. Bb2 Bxb2 24.
Rxb2 Rae8 25. Rc2 Rxe4 26. Rxe4 Rxe4 27. Kg2 f5 28. f3 gxf3+ 29. Kxf3 Kf7 30. h3 Re1 31. g4 fxg4+ 32. hxg4 Kf6 33. Kg3 Re3+ 34. Kf4 Re5 35. Rh2 Rc5 36. g5+ Rxg5 37. Rh7 Rc5 38. a4 Rxc4+ 39. Ke3 a5 40. Kd3 Rc5 41. Kd4 g5 42. Rh8 Kg7 43. Re8 g4 44. Re4 Rg5 45.
Re7+ Kf6 46. Rxc7 g3 47. Rc1 g2 48. Rg1 Ke6 49. Kc4 Kd7 50. Kb3 Rg4 51. Ka3 d5 52.
Kb2 Kd6 53. Kc3 Kc5 54. Kd3 Rg3+ 55. Kc2 d4 56. Kd2 Kd5 57. Kc2 d3+ 58. Kd2 Kd4 59. Rf1 Re3 60. Rf4+ Re4 61. Rf1 Re2+ 62. Kd1 gxf1=Q# 0-1

[Event "*** SCC Grand Prix: Titled Tuesday Blitz"]
[Site "Chess.com"]
[Date "2020.07.21"]
[Round "1"]
[White "Agibileg"]
[Black "crescentmoon2411"]
[Result "0-1"]
[WhiteElo "2414"]
[BlackElo "2830"]
[TimeControl "180+1"]
[EndTime "10:06:03 PDT"]
[Termination "crescentmoon2411 won by resignation"]

1. d4 Nf6 2. c4 e6 3. Nc3 Bb4 4. f3 d5 5. a3 Bxc3+ 6. bxc3 O-O 7. cxd5 Nxd5 8. Qc2 c5 9. e4 Nb6 10. Be3 Nc6 11.
Rd1 cxd4 12. cxd4 Bd7 13. Bd3 Na5 14. Ne2 Ba4 15. Qb1 Bxd1 16. Qxd1 Nbc4 17. Bf2 Nb2 18.
Qd2 Nac4 19. Bxc4 Nxc4 20. Qd3 Qa5+ 21. Kf1 Rac8 22. Be1 Qa6 23. Kf2 Rfd8 24. Bb4 Nb2 25. Qd2 Nd3+ 26. Kg3 Nxb4 27. axb4 Rc4 28. Rb1 h6 29. b5 Qa4 30. b6 a6 31. Qf4 Rc2 32. Re1 Qb4 33. Kf2 Qxd4+ 34. Kf1 Qxb6 35. h4 Rdd2 36.
h5 Qb5 37. Qe3 a5 38. e5 a4 39. f4 a3 40. f5 exf5 41. e6 Rxe2 42. exf7+ Kxf7 43.
Rxe2 Qxe2+ 44. Qxe2 Rxe2 0-1

[Event "*** SCC Grand Prix: Titled Tuesday Blitz"]
[Site "Chess.com"]
[Date "2020.07.21"]
[Round "1"]
[White "Emp3rador"]
[Black "PattyCastillo"]
[Result "1-0"]
[WhiteElo "2481"]
[BlackElo "1955"]
[TimeControl "180+1"]
[EndTime "10:06:03 PDT"]
[Termination "Emp3rador won on time"]

1. e4 c5 2. Nf3 d6 3. Bb5+ Nd7 4. d4 cxd4 5. Qxd4 a6 6. Bxd7+ Bxd7 7. Nc3 Nf6 8. Bg5 e6 9. O-O-O Be7 10. e5 dxe5 11.
Nxe5 Bc6 12. Nxc6 bxc6 13. Qc4 Qc7 14. Bf4 Qb7 15. Be5 O-O 16. Ne4 Nxe4 17. Qxe4 Rfd8 18. a3 Qb5 19. f4 c5 20. g3 c4 21. h4 Rac8 22. h5 c3 23. Rxd8+ Rxd8 24. Bxc3 Rc8 25. Qe5 Bf8 26. Qxb5 axb5 27. Rd1 h6 28. Rd3 Kh7 29. Kd2 g6 30. Rd7 g5 31. Rxf7+ Kg8 32. Rf6 1-0

[Event "*** SCC Grand Prix: Titled Tuesday Blitz"]
[Site "Chess.com"]
[Date "2020.07.21"]
[Round "1"]
[White "nitpicker"]
[Black "Chessmasterzt"]
[Result "0-1"]
[WhiteElo "2225"]
[BlackElo "2577"]
[TimeControl "180+1"]
[EndTime "10:06:04 PDT"]
[Termination "Chessmasterzt won by resignation"]

1. d4 Nf6 2. c4 e6 3. Nf3 Bb4+ 4. Nbd2 d5 5. e3 O-O 6. a3 Be7 7. b4 b6 8. Be2 c5 9. b5 cxd4 10. Nxd4 e5 11. N4f3 e4 12. Nd4 a6 13. O-O dxc4 14.
Nxc4 axb5 15. Nxb5 Nbd7 16. Bb2 Ba6 17. a4 Nc5 18. Qxd8 Bxd8 19. Ne5 Rc8 20. Rfc1 Be7 21. Nc4 Nb3 22. Nxb6 Rxc1+ 23. Rxc1 Nxc1 24. Bxc1 Rb8 25. a5 Bd8 26. Bd2 Bxb6 27. axb6 Rxb6 28. Nc3 Bxe2 0-1

[Event "*** SCC Grand Prix: Titled Tuesday Blitz"]
[Site "Chess.com"]
[Date "2020.07.21"]
[Round "1"]
[White "mbachez"]
[Black "exoticprincess"]
[Result "1/2-1/2"]
[WhiteElo "2429"]
[BlackElo "2835"]
[TimeControl "180+1"]
[EndTime "10:06:05 PDT"]
[Termination "Game drawn by agreement"]

1. e4 d6 2. d4 Nf6 3. Nc3 e5 4. Nf3 Nbd7 5. Bc4 Be7 6. a4 O-O 7. O-O a5 8. Re1 h6 9. h3 Re8 10. Ba2 Bf8 11. dxe5 dxe5 12. Nh4 Nc5 13. Qf3 Be6 14. Nf5 Bxa2 15. Rxa2 Ne6 16. Rd1 Nd4 17. Qe3 Nxf5 18. Rxd8 Nxe3 19. Rxa8 Rxa8 20. Bxe3 Rd8 21.
f3 Bb4 22. Kf1 Bxc3 23. bxc3 Ne8 24. Rb2 b6 25. c4 Nd6 26. c5 Nc4 27. Rb3 Nxe3+ 28.
Rxe3 Rd2 29. cxb6 cxb6 30. Rb3 Rxc2 31. Rxb6 Ra2 32. Rb5 Rxa4 33. Rxe5 Ra2 34. Re8+ Kh7 35. h4 Kg6 36. Kg1 Kh5 37. Kh2 Kxh4 38. Re7 g5 39. Rxf7 h5 40. e5 g4 41. fxg4 hxg4 42. Rh7+ Kg5 43. e6 Kf6 44. e7 Re2 45. Rh5 1/2-1/2

[Event "*** SCC Grand Prix: Titled Tuesday Blitz"]
[Site "Chess.com"]
[Date "2020.07.21"]
[Round "1"]
[White "Giraffe_Chess"]
[Black "promen1999"]
[Result "0-1"]
[WhiteElo "2417"]
[BlackElo "2838"]
[TimeControl "180+1"]
[EndTime "10:06:06 PDT"]
[Termination "promen1999 won on time"]

1. d4 Nf6 2. c4 e6 3. Nf3 d5 4. g3 Be7 5. Bg2 O-O 6. O-O dxc4 7.
Qc2 b5 8. a4 b4 9. Qxc4 Bb7 10.
Rd1 Nbd7 11. Nbd2 Qc8 12. Nb3 Bd5 13. Qc2 c5 14. dxc5 Nxc5 15. Nxc5 Bxc5 16. e3 Qb7 17. Qe2 Rfd8 18. Ne1 Bxg2 19. Nxg2 Ne4 20. Nf4 Ng5 21. h4 Nf3+ 22. Kf1 Nxh4 23. e4 Ng6 24. Nxg6 hxg6 25. Bf4 Bd4 26. f3 e5 27. Be3 Bxe3 28. Qxe3 Rxd1+ 29. Rxd1 Qa6+ 30. Kg2 Qxa4 31. Rd2 a5 32. Qc5 Qe8 33. Rd5 Qb8 34. Rxe5 a4 35. Re7 a3 36. bxa3 bxa3 37. Qd5 Kh7 38. Rxf7 a2 39. Rf4 Qxf4 40. Qxa8 Qd2+ 41. Kh3 Qb2 42. Qd8 Qf6 0-1

[Event "*** SCC Grand Prix: Titled Tuesday Blitz"]
[Site "Chess.com"]
[Date "2020.07.21"]
[Round "1"]
[White "alexrustemov"]
[Black "Irochka83"]
[Result "1-0"]
[WhiteElo "2711"]
[BlackElo "2351"]
[TimeControl "180+1"]
[EndTime "10:06:06 PDT"]
[Termination "alexrustemov won on time"]

1. Nf3 c5 2. g3 Nc6 3. d4 cxd4 4. Nxd4 g6 5. Bg2 Bg7 6. Nb3 Nf6 7. O-O d5 8. Nc3 e6 9. e4 dxe4 10. Qxd8+ Kxd8 11. Nxe4 Nxe4 12. Bxe4 Kc7 13. c3 b6 14. Nd4 Bxd4 15.
cxd4 Bb7 16. Bf4+ Kd7 17. d5 Na5 18. dxe6+ Kxe6 19. Bxb7 Nxb7 20. Rfe1+ Kf5 21. Re7 Nc5 22. Rxf7+ Ke6 23. Rc7 Nd3 24. Bh6 Kd6 25. Rc2 Nc5 26. Rd1+ Ke6 27. b4 Na4 28. Re2+ Kf6 29. Rd6+ Kf5 30.
Rde6 1-0

[Event "*** SCC Grand Prix: Titled Tuesday Blitz"]
[Site "Chess.com"]
[Date "2020.07.21"]
[Round "1"]
[White "BilguunSu"]
[Black "Fortitudine"]
[Result "1-0"]
[WhiteElo "2633"]
[BlackElo "2296"]
[TimeControl "180+1"]
[EndTime "10:06:07 PDT"]
[Termination "BilguunSu won by checkmate"]

1. e4 c5 2. Nf3 d6 3. d4 cxd4 4.
Nxd4 Nf6 5. Nc3 Nc6 6. Nb3 e5 7. Be2 Be7 8. Be3 O-O 9. g4 a5 10. g5 Nd7 11. h4 a4 12. Nd2 a3 13. bxa3 Rxa3 14. Nd5 Nc5 15. Nc4 Rxe3 16. Ndxe3 Nxe4 17. Bf3 Nc3 18. Qd2 Nb5 19. c3 Be6 20. a4 Nc7 21. Rd1 Qa8 22. Nb6 Qa6 23. Nbd5 Nxd5 24. Nxd5 Bxd5 25. Bxd5 Qxa4 26. Qe3 Kh8 27. h5 Qg4 28. g6 fxg6 29. hxg6 Bg5 30. Rxh7# 1-0